 Dungeon Sprint DCSS version 0.31-a0-851-g7ff8af7976 (webtiles) character file.

Game seed: 5478239571577119885

1700000 sircluck the Wrestler (level 15, -22/192 HPs)
             Began as a Troll Berserker on Oct 6, 2023.
             Was an Elder of Makhleb.
             Annihilated by a meat berserker
             ... wielding a +9 battleaxe
              (83 damage)
             ... in the Dungeon (Sprint VIII: "Arena of Blood").
             The game lasted 00:00:39 (17 turns).

sircluck the Wrestler (Troll Berserker)               Turns: 17, Time: 00:00:39

Health: -22/192    AC:  4    Str: 29    XL:     15   Next: 47%
Magic:  14/14      EV: 21    Int:  3    God:    Makhleb [****..]
Gold:   0          SH:  0    Dex: 15    Spells: 14/14 levels left

rFire   . . .        h - +∞ Axe of Woe
rCold   . . .        (shield currently unavailable)
rNeg    . . .        a - +0 animal skin
rPois   .            (helmet restricted)
rElec   .            (no cloak)
rCorr   .            (gloves unavailable)
SInv    .            (boots unavailable)
Will    +....        (no amulet)
Stlth   +            (no ring)
HPRegen 1.32/turn    (no ring)
MPRegen 0.14/turn

%: no teleportation
@: no status effects
A: large, unfitting armour, claws 3, regeneration 1, shaggy fur 1, tough skin 1
a: Renounce Religion, Minor Destruction, Lesser Servant of Makhleb, Major
Destruction


You were in the Dungeon.
You worshipped Makhleb.
Makhleb was greatly pleased with you.
You visited 1 branch

Inventory:

Hand Weapons
 h - the +∞ Axe of Woe (weapon)
   (You found it in the Dungeon)
Armour
 a - a +0 animal skin (worn)
Scrolls
 g - a scroll of blinking
Potions
 b - a potion of curing
 c - a potion of heal wounds
 d - a potion of haste
 e - 2 potions of magic
 f - a potion of berserk rage


   Skills:
 + Level 22.9 Fighting
 + Level 22.6 Dodging
 + Level 26.3 Unarmed Combat


You had 14 spell levels left.
You didn't know any spells.
Your spell library was empty.

Dungeon Overview and Level Annotations

Branches:
Dungeon (1/1)

Altars:
Makhleb


Innate Abilities, Weirdness & Mutations

You are too large for most types of armour.
You have claws for hands.
Your natural rate of healing is unusually fast.
You are covered in fur. (AC +1)
You have tough skin. (AC +1)


Message History

Unknown command.
Press < or > to pray at altars.
Unknown command.
Press < or > to pray at altars.
The bag of meat shouts!
You hear a shout!
A large bag of meat comes into view. It is wielding a +9 giant spiked club.
A bag of meat comes into view. It is wielding a +9 war axe.
You slice the bag of meat!!
You butcher the bag of meat messily.
You kill the bag of meat!
Makhleb accepts your kill.
A meat berserker comes into view. It is wielding a +9 battleaxe.
The meat berserker rages.
The bag of meat hits you with a +9 war axe!
A bag of meat comes into view. It is wielding a +9 war axe.
The bag of meat hits you with a +9 war axe!
Your Unarmed Combat skill increases to level 26!
A meat berserker comes into view. It is wielding a +9 battleaxe.
Unknown command.
Press < or > to pray at altars.
Unknown command.
Press < or > to pray at altars.
Unknown command.
Press < or > to pray at altars.
The bag of meat shouts!
You slash the bag of meat!
You butcher the bag of meat messily.
You kill the bag of meat!
Makhleb accepts your kill.
You can now hurl Makhleb's greater destruction.
You feel better.
You hit the bag of meat.
You hew the bag of meat violently.
You kill the bag of meat!
Makhleb accepts your kill.
You feel better.
You hear a shout!
The meat berserker hits you with a +9 battleaxe!!!
A meat berserker comes into view. It is wielding a +9 battleaxe.
The meat berserker closely misses you.
A bag of meat comes into view. It is wielding a +9 war axe. x4
The bag of meat hits you with a +9 war axe.
The meat berserker hits you with a +9 battleaxe!!!!
You die...

.. .. .. .. #.
.# #.. ..#
.###.. ..###.
.O..o.###...o.o
....OOO@Oo.Oo..
..o.#..oo.#....
. #_.<._# .
#....O#
....._.....
......###......
.###.. ..###.
#..


oo# #.. ..# You could see 2 large bags of meat, 5 meat berserkers and 10 bags of
meat.

Vanquished Creatures
  3 ogres (D)
  9 orcs (D)
12 creatures vanquished.

Notes
Turn   | Place    | Note
-------+----------+-------------------------------------------
     0 | D        | Found the +∞ Axe of Woe
     0 | D        | sircluck the Troll Berserker began the quest for the Orb.
     0 | D        | Reached XP level 1. HP: 22/22 MP: 0/0
     1 | D        | Noticed a bag of meat
     3 | D        | Noticed a meat berserker
     4 | D        | Fell from the grace of Trog
     4 | D        | Became a worshipper of Makhleb the Destroyer
     6 | D        | Noticed a meat berserker
     7 | D        | Killed a bag of meat
     8 | D        | Reached skill level 15 in Unarmed Combat
     8 | D        | Reached XP level 2. HP: 52/52 MP: 1/1
     8 | D        | Reached XP level 3. HP: 59/59 MP: 2/2
     8 | D        | Reached XP level 4. HP: 68/68 MP: 3/3
     8 | D        | Reached XP level 5. HP: 76/76 MP: 4/4
     8 | D        | Reached XP level 6. HP: 85/85 MP: 5/5
     8 | D        | Reached XP level 7. HP: 93/93 MP: 6/6
     8 | D        | Reached XP level 8. HP: 102/102 MP: 7/7
     8 | D        | Reached XP level 9. HP: 110/110 MP: 8/8
     8 | D        | Reached XP level 10. HP: 119/119 MP: 9/9
     8 | D        | Killed a meat berserker
     8 | D        | Reached * piety under Makhleb
     8 | D        | Noticed a bag of meat
     9 | D        | Reached skill level 18 in Unarmed Combat
     9 | D        | Reached XP level 11. HP: 136/136 MP: 10/10
     9 | D        | Reached XP level 12. HP: 146/146 MP: 11/11
     9 | D        | Noticed a bag of meat
     9 | D        | Noticed a bag of meat
    10 | D        | Killed a bag of meat
    10 | D        | Killed a meat berserker
    10 | D        | Noticed a bag of meat
    11 | D        | Reached skill level 21 in Unarmed Combat
    11 | D        | Reached XP level 13. HP: 93/162 MP: 12/12
    11 | D        | Noticed a meat berserker
    11 | D        | Noticed a bag of meat
    12 | D        | Killed a bag of meat
    12 | D        | Reached ** piety under Makhleb
    12 | D        | Noticed a bag of meat
    12 | D        | Noticed a bag of meat
    13 | D        | Reached skill level 22 in Unarmed Combat
    13 | D        | Reached XP level 14. HP: 103/174 MP: 13/13
    13 | D        | Killed a bag of meat
    13 | D        | Killed a bag of meat
    13 | D        | Noticed a bag of meat
    13 | D        | Noticed a bag of meat
    13 | D        | Noticed a large bag of meat
    13 | D        | Noticed a bag of meat
    13 | D        | Noticed a bag of meat
    14 | D        | Reached skill level 24 in Unarmed Combat
    14 | D        | Killed a meat berserker
    14 | D        | Reached *** piety under Makhleb
    14 | D        | Killed a bag of meat
    14 | D        | Noticed a bag of meat
    14 | D        | Noticed a meat berserker
    14 | D        | Noticed a meat berserker
    15 | D        | Reached skill level 25 in Unarmed Combat
    15 | D        | Reached XP level 15. HP: 102/192 MP: 14/14
    15 | D        | Noticed a large bag of meat
    16 | D        | Noticed a meat berserker
    17 | D        | Reached skill level 26 in Unarmed Combat
    17 | D        | Noticed a meat berserker
    17 | D        | Reached **** piety under Makhleb
    17 | D        | Noticed a meat berserker
    17 | D        | Annihilated by a meat berserker

Illustrated notes

Levels and vault maps discovered:
D:        meatsprint

Skill      XL: |  1  2  3  4  5  6  7  8  9 10 11 12 13 14 15 |
---------------+----------------------------------------------+-----
Fighting       | 13 16 19 22 | 22.9
Dodging        | 13 16 18 19 22 | 22.6
Unarmed Combat | 15 18 21 22 25 26 | 26.3

Action                     |  1- 3 |  4- 6 |  7- 9 | 10-12 | 13-15 || total
---------------------------+-------+-------+-------+-------+-------++-------
  Melee: Executioner's axe |     1 |       |       |     2 |     5 ||     8
 Armour: Animal skin       |       |       |       |     1 |     6 ||     7
  Dodge: Dodged            |     1 |       |       |       |     1 ||     2

Table legend: (Time is in decaauts)
 A = Elapsed time spent in this place.
 B = Non-inter-level travel time spent in this place.
 C = Inter-level travel time spent in this place.
 D = Time resting spent in this place.
 E = Time spent auto-exploring this place.
 F = Levels seen in this place.
 G = Mean time per level.
                   A        B        C        D        E       F      G
               +--------+--------+--------+--------+--------+-----+--------+
         Total |     22 |     22 |      0 |      0 |      0 |   1 |   22.0 |
       Dungeon |     22 |     22 |      0 |      0 |      0 |   1 |   22.0 |
               +--------+--------+--------+--------+--------+-----+--------+

Top non-repeatable levels by time:
       D: 22 daAuts
